 Dungeon Crawl Stone Soup version 0.21.1-1-g345015f (webtiles) character file.

200 microfolk the Cutter (level 6, -4/39 HPs)
             Began as a Kobold Berserker on May 30, 2018.
             Was a Believer of Trog.
             Slain by an ice beast (14 damage)
             ... on level 3 of the Dungeon.
             The game lasted 00:04:08 (3477 turns).

microfolk the Cutter (Kobold Berserker)             Turns: 3477, Time: 00:04:09

Health: -4/39      AC:  2    Str: 16    XL:     6   Next: 7%
Magic:  6/6        EV: 16    Int:  8    God:    Trog [**....]
Gold:   227        SH:  0    Dex: 15    Spells: 5/5 levels left

rFire    . . .     SeeInvis .   a - +0 short sword
rCold    . . .     Gourm    .   (shield restricted)
rNeg     . . .     Faith    .   b - +0 animal skin
rPois    .         Spirit   .   (no helmet)
rElec    .         Reflect  .   (no cloak)
rCorr    .         Harm     .   (no gloves)
MR       .....                  (no boots)
Stlth    +.........             g - amulet of regeneration
HPRegen  0.53/turn              (no ring)
MPRegen  0.10/turn              (no ring)

@: no status effects
A: small, carnivore
a: Berserk, Trog's Hand, Burn Spellbooks, Renounce Religion


You were on level 3 of the Dungeon.
You worshipped Trog.
Trog was pleased with you.
You were not hungry.

You visited 1 branch of the dungeon, and saw 3 of its levels.

You collected 227 gold pieces.

Inventory:

Hand Weapons
 a - a +0 short sword (weapon)
 d - a +0 hunting sling
Missiles
 f - 60 stones (quivered)
 n - 66 bolts
 o - 30 sling bullets
Armour
 b - a +0 animal skin (worn)
Jewellery
 g - an amulet of regeneration (around neck)
Scrolls
 h - a scroll of teleportation
 i - a scroll of fear {unknown}
 j - a scroll of amnesia {unknown}
 k - 2 scrolls of identify {@r1}
 l - a scroll of enchant weapon {unknown}
 m - 2 scrolls of remove curse {@r2}
 p - a scroll of fog {unknown}
Potions
 e - a potion of curing {@q1}
 q - a potion of cancellation {unknown}
Comestibles
 c - 4 rations


   Skills:
 + Level 4.4 Fighting
 * Level 6.5 Short Blades
 - Level 1.5 Armour
 + Level 4.0 Dodging


You had 5 spell levels left.
You didn't know any spells.

Dungeon Overview and Level Annotations

Branches:
Dungeon (3/15)

Altars:
Gozag
Sif Muna

Annotations:
D:3 1 transporter


Innate Abilities, Weirdness & Mutations

You are small and have problems with some larger weapons.
You are carnivorous and can eat meat at any time.


Message History

Found a robe.
You are near starving!
Found an escape hatch in the floor.
There is an escape hatch in the floor here.
You open the door.
An ice beast and a kobold come into view.
Okay, then.
You're too hungry.
You closely miss the ice beast. The ice beast hits you.
The ice beast freezes you!
You barely miss the ice beast. You puncture the ice beast!
The ice beast is moderately wounded.
The ice beast hits you. The ice beast freezes you!
* * * LOW HITPOINT WARNING * * *
You eat one of the 5 rations.
That ration really hit the spot!
The ice beast hits you.
* * * LOW HITPOINT WARNING * * *
The ice beast freezes you!
You die...

###...>#####.#.##.......#
#...#.....###.###.#######
# ##.#.#.###.# ### #.# #
#....#.....# #+# #
#.#######..# ... #
#....#.....# .... #
##.#.#.#.#.# ..... ##
#...#.....###...... ###.
###.......@YK...... +....
##.#...####...... ####.
#.##.## ..... ## #.####
.... # #.# ... # #.. +# #
### # . #


You could see an ice beast and a kobold.

Vanquished Creatures
  A bullfrog (D:2)
  Natasha (thrice) (D:2)
  3 adders
  An ooze (D:2)
  A dart slug (D:1)
  4 leopard geckos
  A ball python (D:2)
  2 goblins (D:2)
  2 hobgoblins
  2 jackals (D:2)
  10 kobolds
  A frilled lizard (D:1)
  3 rats
34 creatures vanquished.

Vanquished Creatures (others)
  4 plants
4 creatures vanquished.

Grand Total: 38 creatures vanquished

Notes
Turn   | Place    | Note
-------+----------+-------------------------------------------
     0 | D:1      | microfolk the Kobold Berserker began the quest for the Orb.
     0 | D:1      | Reached XP level 1. HP: 14/14 MP: 1/1
   342 | D:1      | Reached XP level 2. HP: 19/19 MP: 2/2
  1164 | D:2      | Reached XP level 3. HP: 20/23 MP: 3/3
  1315 | D:2      | Noticed Natasha
  1320 | D:2      | Killed Natasha
  1320 | D:2      | Reached skill level 5 in Short Blades
  1320 | D:2      | Reached XP level 4. HP: 25/29 MP: 4/4
  1610 | D:2      | Reached ** piety under Trog
  1665 | D:2      | Noticed a bullfrog
  1687 | D:2      | Killed a bullfrog
  1687 | D:2      | Reached XP level 5. HP: 3/33 MP: 5/5
  2066 | D:2      | Reached skill level 6 in Short Blades
  2147 | D:2      | Noticed Natasha
  2150 | D:2      | Killed Natasha
  2296 | D:2      | Found a deep blue altar of Sif Muna.
  2977 | D:2      | Found a deep blue altar of Sif Muna.
  3101 | D:2      | Noticed Natasha
  3166 | D:2      | Killed Natasha
  3166 | D:2      | Reached XP level 6. HP: 39/39 MP: 6/6
  3294 | D:3      | Found an opulent altar of Gozag.
  3359 | D:3      | Found a transporter.
  3468 | D:3      | Noticed an ice beast
  3477 | D:3      | Slain by an ice beast

Skill      XL: |  1  2  3  4  5 |
---------------+----------------+-----
Short Blades   | 5 6 |  6.5
Dodging        | 3 4 |  4.0
Fighting       | 4 |  4.4
Armour         | |  1.5

Action                   |  1- 3 |  4- 6 || total
-------------------------+-------+-------++-------
Melee: Short sword       |    84 |   117 ||   201
Throw: Stone             |     3 |       ||     3
Invok: Berserk           |     2 |     4 ||     6
  Use: Scroll            |       |     4 ||     4
 Stab: Sleeping          |       |     1 ||     1
  Eat: Chunk             |     2 |    10 ||    12
       Ration            |       |     1 ||     1
Armor: Animal skin       |     7 |     5 ||    12
Dodge: Dodged            |    40 |    29 ||    69
